 Dungeon Crawl Stone Soup version 0.21.1-1-g345015f (webtiles) character file.

27545 troglodite the Protected (level 13, -1/101 HPs)
             Began as a Demonspawn Berserker on Mar 15, 2018.
             Was a High Priest of Trog.
             Slain by shugdite's ghost (30 damage)
             ... on level 2 of the Orcish Mines.
             The game lasted 00:48:52 (15583 turns).

troglodite the Protected (Demonspawn Berserker)    Turns: 15583, Time: 00:48:53

Health: -1/101     AC: 26    Str: 18    XL:     13   Next: 4%
Magic:  0/13       EV:  9    Int:  9    God:    Trog [*****.]
Gold:   1054       SH: 12    Dex: 21    Spells: 12/12 levels left

rFire    . . .     SeeInvis .   D - +6 falchion "Arrazyxt" {freeze, rElec}
rCold    . . .     Gourm    .   m - +0 shield
rNeg     . . .     Faith    .   x - +0 plate armour
rPois    +         Spirit   +   r - +0 helmet
rElec    +         Reflect  .   w - +2 cloak {rPois}
rCorr    .         Harm     .   H - +1 pair of gloves
MR       +....                  u - +0 pair of boots
Stlth    +.........             (no amulet)
HPRegen  0.26/turn              a - ring of the Commoners {MR+ Dex+4 Stlth+}
MPRegen  0.26/turn              R - ring of stealth

@: berserk cooldown, slowed, very slow
A: hooves 1, yellow scales 2, spiny 2, magic shield, magic regeneration
a: Berserk, Trog's Hand, Brothers in Arms, Burn Spellbooks, Renounce Religion


You were on level 2 of the Orcish Mines.
You worshipped Trog.
Trog was extremely pleased with you.
You were not hungry.

You visited 2 branches of the dungeon, and saw 15 of its levels.

You collected 1054 gold pieces.

Inventory:

Hand Weapons
 D - the +6 falchion "Arrazyxt" (weapon) {freeze, rElec}
   (You found it on level 6 of the Dungeon)

   It has been specially enchanted to freeze those struck by it, causing extra
   injury to most foes and up to half again as much damage against particularly
   susceptible opponents.
   It can also slow down cold-blooded creatures.
   It insulates you from electricity.
 P - a +4 antimagic long sword
 Q - a +1 hand axe of flaming
Armour
 m - a +0 shield (worn)
 r - a +0 helmet (worn)
 u - a +0 pair of boots (worn)
 w - a +2 cloak of poison resistance (worn)
 x - a +0 plate armour (worn)
 C - a +2 hat
 H - a +1 pair of gloves (worn)
Jewellery
 a - the ring of the Commoners (left hand) {MR+ Dex+4 Stlth+}
   (You found it on level 11 of the Dungeon)

   [ring of stealth]

   It affects your dexterity (+4).
   It affects your resistance to hostile enchantments.
   It makes you more stealthy.
 f - an uncursed ring of protection from magic
 q - an uncursed ring of magical power
 G - the ring "Jyrchoq" {rF- Str+6 Dex-3}
   (You found it on level 9 of the Dungeon)

   [ring of dexterity]

   It affects your strength (+6).
   It affects your dexterity (-3).
   It makes you vulnerable to fire.
 R - a ring of stealth (right hand)
 V - an uncursed ring of magical power
Wands
 e - a wand of digging (15)
 t - a wand of acid (7)
 v - a wand of random effects (41)
 F - a wand of enslavement (16)
 I - a wand of iceblast (34)
 K - a wand of polymorph (17)
 L - a wand of flame (12)
 U - a wand of clouds (4)
Scrolls
 b - 4 scrolls of fear
 i - a scroll of magic mapping
 k - 4 scrolls of remove curse
 l - 6 scrolls of enchant weapon {unknown}
 n - 9 scrolls of teleportation
 o - 5 scrolls of identify
 p - 3 scrolls of random uselessness {unknown}
 s - a scroll of enchant armour {unknown}
 y - 2 scrolls of fog {unknown}
 E - a scroll of amnesia {unknown}
 M - a scroll of noise {unknown}
 N - 2 scrolls of immolation {unknown}
Potions
 d - 2 potions of heal wounds
 g - 8 potions of curing
 h - 4 potions of might
 j - 3 potions of mutation
 z - a potion of lignification
 A - a potion of flight
 B - a potion of agility
 J - a potion of ambrosia
 O - a potion of cancellation {unknown}
 S - 2 potions of brilliance {unknown}
 T - a potion of berserk rage {unknown}
Comestibles
 c - 18 rations


   Skills:
 * Level 9.5 Fighting
 + Level 9.8 Long Blades
 + Level 0.1 Axes
 * Level 10.0 Armour
 * Level 7.8 Dodging
 * Level 4.4 Stealth
 * Level 9.8 Shields
 + Level 1.4 Unarmed Combat


You had 12 spell levels left.
You didn't know any spells.

Dungeon Overview and Level Annotations

Branches:
Dungeon (13/15)            Temple (0/1) D:6            Lair (0/6) D:8
    Orc (2/2) D:12
    Elf: Orc:2       Vaults: D:13-14

Altars:
Dithmenos
Okawaru
Ru
Sif Muna
Trog
Uskayaw
Vehumet
Xom
Yredelemnul
Zin

Shops:
D:11 !

Annotations:
Orc:2 shugdite's ghost, journeyman MiFi


Innate Abilities, Weirdness & Mutations

You have large cloven feet.
You are mostly covered in yellow scales. (AC +3)
You are mostly covered in sharp spines.
When hurt, damage is shared between your health and your magic reserves.
You regenerate magic rapidly.


Message History

You strike the helpless shugdite's ghost from behind!
You hit shugdite's ghost but do no damage.
Shugdite's ghost is heavily damaged.
Your ogre misses shugdite's ghost. You block shugdite's ghost's attack.
You hit shugdite's ghost.
Shugdite's ghost is heavily damaged.
You slice shugdite's ghost!!
Shugdite's ghost is severely damaged.
Your ogre misses shugdite's ghost. You block shugdite's ghost's attack.
You hit shugdite's ghost but do no damage.
Shugdite's ghost is severely damaged.
Your ogre barely misses shugdite's ghost.
You hit shugdite's ghost.
Shugdite's ghost is severely damaged.
You are no longer berserk.
You are exhausted.
You feel yourself slow down.
Shugdite's ghost is struck by your spines.
Shugdite's ghost hits you!!
You die...

...................
#..#..$..........#
.#.##..........###
#.......).$...##
##.#....##....#
##........##
#.........#
##..÷O....#
#.#@W....#
#...#.....#
##.........#
##.#..#...#
##.#..#...#
..........
#....##.##. ## ..#
#


You could see shugdite's ghost and a friendly ogre (berserk).

Vanquished Creatures
  Gastronok (D:9)
  Kirke (D:12)
  A great orb of eyes (D:12)
  The ghost of soepske the Fighter, a journeyman DsFi of Okawaru (D:11)
  Harold (D:12)
  A hydra (D:11)
  A death knight (D:13)
  3 two-headed ogres
  2 centaur warriors (D:12)
  An unseen horror (D:10)
  Pikel (D:8)
  The ghost of letownia2 the Martial Artist, a novice MfTm of Cheibriados (D:7)
  3 cyclopes
  A manticore (D:12)
  Psyche (D:12)
  A centaur skeleton (D:12)
  3 gargoyles
  A freezing wraith (D:12)
  A troll (Orc:2)
  Prince Ribbit (D:7)
  The ghost of Curus the Insei, an amateur DsGl (D:5)
  2 dream sheep (D:11)
  2 hippogriffs
  2 wraiths
  14 yaks
  Grum (D:9)
  2 hogs (D:12)
  3 hungry ghosts
  Menkaure (D:5)
  An acid dragon (D:12)
  2 wargs
  A porcupine (D:8)
  4 ice beasts
  2 black bears (D:9)
  8 orc warriors
  4 sky beasts
  A necrophage (D:8)
  9 ogres
  8 centaurs
  2 wolves (D:9)
  4 big kobolds
  14 bullfrogs
  A gnoll sergeant (D:6)
  A wyvern zombie (D:12)
  2 water moccasin skeletons
  5 scorpions
  6 wights
  15 killer bees
  2 howler monkeys (D:8)
  5 crimson imps
  A human zombie (D:8)
  2 quasits (D:10)
  A gnoll shaman (D:7)
  5 hounds
  3 jellies
  Crazy Yiuf (D:3)
  12 orc priests
  2 bullfrog skeletons
  12 orc wizards
  Jessica (D:3)
  Ijyb (D:3)
  Natasha (D:4)
  2 iguanas
  7 worker ants
  The ghost of dscm the Grave Robber, a weakling DsNe (D:4)
  2 hound skeletons
  7 mummies (D:8)
  2 worker ant zombies
  Robin (D:3)
  16 gnolls
  10 adders
  3 shadow imps
  2 adder zombies
  A worm (D:3)
  6 leopard geckos
  48 orcs
  A ball python (D:1)
  5 giant cockroaches
  10 goblins
  12 hobgoblins
  9 jackals
  12 kobolds
  2 quokkas
  8 bats
  4 frilled lizards
  An orc zombie (D:8)
  A quokka skeleton (D:8)
  7 rats
374 creatures vanquished.

Vanquished Creatures (collateral kills)
  An orc knight (Orc:1)
  2 orcs (Orc:1)
3 creatures vanquished.

Vanquished Creatures (others)
  3 humans (D:12)
  A slave (D:8)
  A centaur (D:12)
  A scorpion (D:8)
  An orc wizard (D:8)
  3 orcs (D:8)
10 creatures vanquished.

Grand Total: 387 creatures vanquished

Notes
Turn   | Place    | Note
-------+----------+-------------------------------------------
     0 | D:1      | troglodite the Demonspawn Berserker began the quest for the Orb.
     0 | D:1      | Reached XP level 1. HP: 18/18 MP: 1/1
   233 | D:1      | Gained mutation: When hurt, damage is shared between your health and your magic reserves. [demonic ancestry]
   233 | D:1      | Reached XP level 2. HP: 24/24 MP: 2/2
   581 | D:1      | Gained mutation: You regenerate magic rapidly. [demonic ancestry]
   581 | D:1      | Reached XP level 3. HP: 17/29 MP: 3/3
   622 | D:1      | Reached ** piety under Trog
  1267 | D:2      | Reached skill level 2 in Armour
  1269 | D:2      | Gained mutation: You have large cloven feet. [demonic ancestry]
  1269 | D:2      | Reached XP level 4. HP: 15/37 MP: 2/4
  2279 | D:3      | Found a sacrificial altar of Ru.
  2288 | D:3      | Noticed Jessica
  2296 | D:3      | Killed Jessica
  2296 | D:3      | Reached skill level 1 in Shields
  2498 | D:3      | Noticed Robin
  2510 | D:3      | Killed Robin
  2510 | D:3      | Reached XP level 5. HP: 30/42 MP: 5/5
  2673 | D:3      | Noticed Ijyb
  2685 | D:3      | Killed Ijyb
  2760 | D:3      | Found a runed door.
  2873 | D:3      | Noticed Crazy Yiuf
  2878 | D:3      | Killed Crazy Yiuf
  3052 | D:4      | Noticed dscm's ghost (weakling DsNe)
  3062 | D:4      | Killed dscm's ghost
  3077 | D:4      | Reached skill level 3 in Armour
  3077 | D:4      | Reached XP level 6. HP: 24/48 MP: 6/6
  3986 | D:4      | Noticed Natasha
  4000 | D:4      | Killed Natasha
  4199 | D:5      | Entered Level 5 of the Dungeon
  4233 | D:5      | Noticed Curus's ghost (amateur DsGl)
  4248 | D:5      | Killed Curus's ghost
  4248 | D:5      | Gained mutation: You are partially covered in sharp spines. [demonic ancestry]
  4248 | D:5      | Reached XP level 7. HP: 55/55 MP: 7/7
  4279 | D:5      | Reached skill level 4 in Armour
  4408 | D:5      | Noticed an angel
  4408 | D:5      | Found a shimmering altar of Xom.
  4409 | D:5      | Found a glowing silver altar of Zin.
  4624 | D:5      | Reached skill level 5 in Long Blades
  4794 | D:5      | Reached XP level 8. HP: 61/61 MP: 8/8
  4816 | D:5      | Reached *** piety under Trog
  4869 | D:5      | Found a deep blue altar of Sif Muna.
  5102 | D:5      | Noticed Menkaure
  5108 | D:5      | Killed Menkaure
  5108 | D:5      | Reached skill level 5 in Fighting
  5108 | D:5      | Reached skill level 5 in Armour
  5251 | D:6      | Found a staircase to the Ecumenical Temple.
  5316 | D:6      | Found an iron altar of Okawaru.
  5333 | D:6      | Got a fine falchion
  5334 | D:6      | Identified the +6 falchion "Arrazyxt" {freeze, rElec} (You found it on level 6 of the Dungeon)
  5602 | D:6      | Noticed a hippogriff
  5610 | D:6      | Killed a hippogriff
  5992 | D:6      | Found a shimmering altar of Xom.
  6045 | D:6      | Reached XP level 9. HP: 68/68 MP: 9/9
  6117 | D:6      | Found a hide-covered altar of Uskayaw.
  6155 | D:6      | Found a sacrificial altar of Ru.
  6292 | D:7      | Reached **** piety under Trog
  6292 | D:7      | Reached skill level 1 in Stealth
  6339 | D:6      | Reached skill level 6 in Armour
  6689 | D:7      | Noticed letownia2's ghost (novice MfTm)
  6707 | D:7      | Killed letownia2's ghost
  6707 | D:7      | Reached skill level 5 in Shields
  7175 | D:7      | Noticed Prince Ribbit
  7182 | D:7      | Killed Prince Ribbit
  7270 | D:7      | Reached skill level 7 in Armour
  7335 | D:7      | Found a shadowy altar of Dithmenos.
  7559 | D:7      | Reached skill level 5 in Dodging
  7803 | D:8      | Gained mutation: You are partially covered in yellow scales. (AC +2) [demonic ancestry]
  7803 | D:8      | Reached XP level 10. HP: 53/76 MP: 10/10
  7904 | D:8      | Noticed Pikel
  7914 | D:8      | Killed Pikel
  8534 | D:8      | Found a basalt altar of Yredelemnul.
  8842 | D:8      | Found a staircase to the Lair.
  9006 | D:8      | Found a radiant altar of Vehumet.
  9142 | D:9      | Noticed a two-headed ogre
  9147 | D:9      | Killed a two-headed ogre
  9244 | D:9      | Reached ***** piety under Trog
  9273 | D:9      | Noticed Grum
  9280 | D:9      | Reached skill level 8 in Armour
  9286 | D:9      | Killed Grum
  9541 | D:9      | Noticed Gastronok
  9560 | D:9      | Killed Gastronok
  9560 | D:9      | Reached XP level 11. HP: 55/84 MP: 11/11
  9569 | D:9      | Got a warped amber ring
  9571 | D:9      | Identified the cursed ring "Jyrchoq" {rF- Str+6 Dex-3} (You found it on level 9 of the Dungeon)
  9658 | D:9      | Found a bloodstained altar of Trog.
  9979 | D:10     | Entered Level 10 of the Dungeon
 10205 | D:10     | Received a gift from Trog
 10460 | D:10     | Found an iron altar of Okawaru.
 10740 | D:10     | Killed an unseen horror
 10762 | D:10     | Noticed a two-headed ogre
 10769 | D:10     | Killed a two-headed ogre
 11450 | D:11     | Got a steaming lead ring
 11455 | D:11     | Identified the ring of the Commoners {MR+ Dex+4 Stlth+} (You found it on level 11 of the Dungeon)
 11479 | D:11     | Reached skill level 9 in Armour
 11652 | D:11     | Noticed a three-headed hydra
 11657 | D:11     | Killed a one-headed hydra
 11754 | D:11     | Noticed soepske's ghost (journeyman DsFi)
 12102 | D:11     | Found Tohyasme's Distillery.
 12225 | D:11     | Killed soepske's ghost
 12225 | D:11     | Gained mutation: You are mostly covered in yellow scales. (AC +3) [demonic ancestry]
 12225 | D:11     | Reached XP level 12. HP: 87/94 MP: 12/12
 12757 | D:12     | Noticed Kirke
 12886 | D:12     | Killed Kirke
 12946 | D:12     | Noticed a centaur warrior
 12960 | D:12     | Killed a centaur warrior
 12975 | D:12     | Noticed Harold
 12981 | D:12     | Noticed a great orb of eyes
 12988 | D:12     | Killed Harold
 12988 | D:12     | Reached skill level 1 in Unarmed Combat
 13005 | D:12     | Paralysed by a great orb of eyes for 3 turns
 13011 | D:12     | Killed a great orb of eyes
 13163 | D:12     | Noticed a two-headed ogre
 13173 | D:12     | Killed a two-headed ogre
 13433 | D:12     | Noticed a centaur warrior
 13445 | D:12     | Killed a centaur warrior
 13725 | D:12     | Noticed Psyche
 13733 | D:12     | Killed Psyche
 13955 | D:12     | Reached ****** piety under Trog
 14173 | D:12     | Found a staircase to the Orcish Mines.
 14379 | D:13     | Noticed a death knight
 14395 | D:13     | Killed a death knight
 14675 | Orc:1    | Entered Level 1 of the Orcish Mines
 14705 | Orc:1    | Gained mutation: You are mostly covered in sharp spines. [demonic ancestry]
 14705 | Orc:1    | Reached XP level 13. HP: 101/101 MP: 13/13
 14724 | Orc:1    | Received a gift from Trog
 14724 | Orc:1    | Reached skill level 10 in Armour
 15048 | Orc:2    | Entered Level 2 of the Orcish Mines
 15063 | Orc:2    | Noticed shugdite's ghost (journeyman MiFi)
 15583 | Orc:2    | Slain by shugdite's ghost

Skill      XL: |  1  2  3  4  5  6  7  8  9 10 11 12 13 |
---------------+----------------------------------------+-----
Long Blades    | 3 4 5 6 8 9 |  9.8
Armour         | 2 3 4 5 7 8 9 10 | 10.0
Dodging        | 2 3 4 5 6 7 |  7.8
Shields        | 1 2 3 4 5 7 8 9 |  9.8
Fighting       | 4 5 6 7 8 9 |  9.5
Stealth        | 1 2 4 |  4.4
Unarmed Combat | 1 |  1.4
Axes           | |  0.1

Action                   |  1- 3 |  4- 6 |  7- 9 | 10-12 | 13-15 || total
-------------------------+-------+-------+-------+-------+-------++-------
Melee: Falchion          |   108 |   195 |   261 |   711 |    89 ||  1364
       Kick              |       |    11 |       |       |       ||    11
       Hand axe          |       |       |       |    13 |       ||    13
       Unarmed           |       |       |       |    22 |       ||    22
Invok: Berserk           |     1 |     8 |    10 |    21 |     4 ||    44
       Burn Spellbooks   |       |       |     1 |       |       ||     1
       Brothers in Arms  |       |       |       |     1 |     3 ||     4
  Use: Potion            |       |       |     1 |     1 |       ||     2
       Scroll            |       |       |       |    15 |     1 ||    16
 Stab: Sleeping          |     1 |       |       |       |       ||     1
       Invisible         |       |       |     1 |       |       ||     1
       Distracted        |       |       |       |     1 |     1 ||     2
  Eat: Chunk             |     1 |    11 |    15 |    24 |     6 ||    57
       Ration            |       |     2 |     2 |     6 |     1 ||    11
Armor: Animal skin       |    10 |       |       |       |       ||    10
       Scale mail        |    46 |       |       |       |       ||    46
       Chain mail        |     5 |    39 |       |       |       ||    44
       Plate armour      |       |    77 |   134 |   313 |    19 ||   543
Dodge: Dodged            |    88 |    25 |    45 |   190 |    14 ||   362
Block: Shield            |     2 |    85 |   131 |   394 |    34 ||   646
       Rpst.: Falchion   |    20 |     8 |    14 |    50 |     5 ||    97
